 Dungeon Crawl Stone Soup version 0.21-a0-401-g0b6bec4 (webtiles) character file.

2307 theanonym the Skirmisher (level 9, -7/57 HPs)
             Began as a Gargoyle Fighter on Oct 22, 2017.
             Was a Priest of Okawaru.
             Mangled by Duvessa
             ... wielding a +0 short sword
              (8 damage)
             ... on level 7 of the Dungeon.
             The game lasted 00:17:27 (6962 turns).

theanonym the Skirmisher (Gargoyle Fighter)         Turns: 6962, Time: 00:17:28

Health: -7/57      AC:  0    Str: 28    XL:     9   Next: 41%
Magic:  8/9        EV: 16    Int:  9    God:    Okawaru [***...]
Gold:   217        SH:  0    Dex:  9    Spells: 8/8 levels left

rFire    . . .     SeeInvis .     - Unarmed
rCold    . . .     Gourm    .   (shield currently unavailable)
rNeg     + . .     Faith    .   (armour currently unavailable)
rPois    ∞         Spirit   .   (helmet currently unavailable)
rElec    .         Reflect  .   (cloak currently unavailable)
rCorr    .         Harm     .   (gloves currently unavailable)
MR       .....                  (boots currently unavailable)
Stlth    +++.......             (no amulet)
HPRegen  0.19/turn              (ring currently unavailable)
MPRegen  0.11/turn              (ring currently unavailable)

@: mighty, pig-form (expiring), heroism, very quick
A: negative energy resistance 1, petrification resistance, rot immunity, AC +6
a: Heroism, Renounce Religion


You were on level 7 of the Dungeon.
You worshipped Okawaru.
Okawaru was most pleased with you.
You were not hungry.
You were a filthy swine.
You visited 2 branches of the dungeon, and saw 8 of its levels.

You collected 301 gold pieces.
You spent 84 gold pieces at shops.

Inventory:

Hand Weapons
 a - a +0 war axe (melded)
Missiles
 F - 2 javelins (quivered)
Armour
 c - a +1 shield (melded)
 g - a +0 plate armour (melded)
   (You found it on level 1 of the Dungeon)
 A - a +1 pair of boots (melded)
   (You found it on level 6 of the Dungeon)
 H - a +0 pair of gloves (melded)
   (You found it on level 5 of the Dungeon)
 L - a +2 helmet (melded)
   (You found it on level 7 of the Dungeon)
Jewellery
 q - a ring of protection from fire (melded)
   (You found it on level 6 of the Dungeon)
 w - a ring of magical power (melded)
   (You found it on level 5 of the Dungeon)
 J - an uncursed ring of ice
   (You found it on level 5 of the Dungeon)
Wands
 B - a wand of lightning (9/15)
   (You found it on level 6 of the Dungeon)
Scrolls
 b - 2 scrolls of enchant armour
 k - a scroll of teleportation
 l - a scroll of immolation
 r - 2 scrolls of identify
 s - a scroll of amnesia {unknown}
 u - a scroll of fear {!r}
 v - a scroll of remove curse
 y - a scroll of magic mapping {unknown}
 D - 3 scrolls of fog {unknown}
 G - a scroll of recharging {unknown}
Potions
 i - a potion of haste {unknown}
 j - a potion of curing
 m - 3 potions of agility
 o - a potion of resistance {unknown}
 z - a potion of cancellation {unknown}
 C - a potion of ambrosia
 E - a potion of flight {unknown}
 I - 2 potions of heal wounds {unknown}
 K - a potion of might
Books
 d - a book of Debilitation
   (You found it on level 6 of the Dungeon)

   Spells                             Type                      Level
   a - Corona                         Hexes                        1
   b - Slow                           Hexes                        2
   c - Inner Flame                    Hexes/Fire                   3
   d - Portal Projectile              Hexes/Translocation          3
   e - Cause Fear                     Hexes                        4
   f - Leda's Liquefaction            Hexes/Earth                  4
Comestibles
 f - 7 bread rations
 h - 4 meat rations
 n - a royal jelly
 p - 3 chunks of flesh


   Skills:
 + Level 7.1(12.1) Fighting
 * Level 6.7(11.7) Axes
 + Level 7.1(12.1) Armour
 + Level 7.1(12.1) Shields


You had 8 spell levels left.
You didn't know any spells.

Dungeon Overview and Level Annotations

Branches:
Dungeon (7/15)             Temple (1/1) D:4

Altars:
Ashenzari
Cheibriados
Dithmenos
Elyvilon
Fedhas
Gozag
Hepliaklqana
Kikubaaqudgha
Makhleb
Nemelex Xobeh
Okawaru
Qazlal
Ru
Sif Muna
Trog
Uskayaw
Vehumet
Wu Jian
Xom
Yredelemnul
Zin
The Shining One

Shops:
D:6 *[   D:7 =*

Annotations:
D:7 Dowan, Duvessa


Innate Abilities, Weirdness & Mutations

You are resistant to torment.
((Your stone body is resilient. (AC +6)))
You are immune to poison.
You resist negative energy. (rN+)
((You are resistant to electric shocks. (rElec)))
((You can survive without breathing.))
You are immune to petrification.
You are immune to rotting.


Message History

You take 11 damage, and have 46/57 hp.
You barely miss the bullfrog. You hit the ogre. The bullfrog barely misses you.
The ogre hits you but does no damage.
You slash the ogre! You slash the bullfrog!
The bullfrog hits you but does no damage. x2
The ogre hits you with a giant club!
You take 8 damage, and have 38/57 hp.
You are too injured to fight recklessly!
You are too injured to fight recklessly!
You are too injured to fight recklessly!
Unknown command.
You completely miss the ogre. You slash the bullfrog!
The bullfrog hits you but does no damage.
You block the ogre's attack. You block the bullfrog's attack.
You hit the ogre. You closely miss the bullfrog.
The bullfrog hits you but does no damage.
The ogre barely misses you.
The bullfrog hits you but does no damage.
You slash the ogre!
You kill the ogre!
Okawaru accepts your kill.
You closely miss the bullfrog.
The bullfrog hits you but does no damage. x2
The bullfrog hits you but does no damage.
Things that are here:
a giant club; an ogre corpse You are too injured to fight recklessly!
You are too injured to fight recklessly!
You closely miss the bullfrog. You block the bullfrog's attack. x2
You slash the bullfrog!
You kill the bullfrog!
Okawaru accepts your kill.
You butcher the ogre corpse.
p - 2 chunks of flesh (gained 1)
You see here a giant club. x2
You butcher the orc corpse.
p - 3 chunks of flesh (gained 1)
You see here a club. x2
Duvessa, Sister of Dowan comes into view.
She is wielding a short sword.
Duvessa shouts!
Duvessa moves out of view.
Health restored: 57 Duvessa is too close now for your liking.
Dowan, Brother of Duvessa comes into view.
He is wielding a dagger.
Duvessa zaps a wand.
You easily resist.
It is a wand of polymorph (?/24).
You slash Duvessa!
Duvessa zaps a wand.
You turn into a filthy swine.
Your +0 war axe melds into your body.
Your +2 helmet melds into your body.
Your +0 pair of gloves melds into your body.
Your +1 pair of boots melds into your body.
Your +1 shield melds into your body.
Your +0 plate armour melds into your body.
Your ring of magical power melds into your body.
Your ring of protection from fire melds into your body.
You feel your magic capacity decrease.
You now have 9/9 mp.
You hit Duvessa. Duvessa misses you.
Okay, then.
You hit Duvessa. Duvessa barely misses you.
You bite Duvessa! Duvessa hits you with a short sword.
You take 2 damage, and have 55/57 hp.
You gain the combat prowess of a mighty hero.
Dowan gestures at you while chanting. The puff of frost hits you!
Duvessa hits you with a short sword.
You take 13 damage, and have 42/57 hp.
MASSIVE DAMAGE!!
You now have 7/9 mp.
You closely miss Duvessa.
Dowan points at Duvessa and mumbles some strange words.
Duvessa seems to speed up.
Duvessa barely misses you.
You hit Duvessa.
Duvessa zaps a wand.
You easily resist.
You hit Duvessa. Duvessa closely misses you. Dowan hits you with a dagger.
You take 3 damage, and have 40/57 hp.
You hit Duvessa. Duvessa hits you with a short sword! Dowan misses you.
You take 9 damage, and have 31/57 hp.
You hit Duvessa but do no damage. Duvessa barely misses you.
Duvessa hits you with a short sword!
* * * LOW HITPOINT WARNING * * *
Dowan closely misses you.
You take 7 damage, and have 24/57 hp.
You closely miss Duvessa. Duvessa hits you with a short sword!
* * * LOW HITPOINT WARNING * * *
You take 11 damage, and have 13/57 hp.
You feel very mighty all of a sudden. Duvessa hits you with a short sword!
* * * LOW HITPOINT WARNING * * *
Dowan completely misses you.
Duvessa says, "My weaknesses are his strengths!"
Duvessa misses you.
You take 10 damage, and have 3/57 hp.
You feel better.
Your transformation is almost over.
Dowan hits you with a dagger.
* * * LOW HITPOINT WARNING * * *
Duvessa hits you with a short sword.
* * * LOW HITPOINT WARNING * * *
You take 1 damage, and have 2/57 hp.
You feel better. Duvessa hits you with a short sword.
* * * LOW HITPOINT WARNING * * *
Dowan hits you with a dagger!
* * * LOW HITPOINT WARNING * * *
Duvessa hits you with a short sword!
You die...

#..########
##)........
#..........
#..)....... ###
#.......... #.##
#..........
##..####..........
#.................
#......he.......##
#......#e.....###
#.....##....###
#.....##...##
#.....###..#
#.....# ...
#.....# ....
#....## .....
#####


You could see Duvessa and Dowan.

Vanquished Creatures
  Menkaure (D:6)
  A water moccasin (D:7)
  3 ice beasts
  A black bear (D:6)
  5 ogres
  A necrophage (D:7)
  The ghost of Torious the Conjurer, an amateur DECj (D:3)
  2 bullfrogs
  A water moccasin zombie (D:5)
  3 scorpions
  4 wights (D:7)
  A howler monkey (D:6)
  A bullfrog zombie (D:5)
  2 crimson imps
  A hound (D:5)
  A bullfrog skeleton (D:5)
  3 jellies
  An orc wizard (D:4)
  An iguana (D:1)
  2 worker ants
  A hound zombie (D:5)
  7 gnolls (D:4)
  11 adders
  2 oozes (D:1)
  3 worms
  3 dart slugs
  5 leopard geckos
  6 orcs
  6 giant cockroaches
  10 goblins
  2 hobgoblins (D:3)
  16 jackals
  4 quokkas
  2 ball pythons
  5 bats
  6 frilled lizards
  A jackal skeleton (D:5)
  10 kobolds
  7 rats
143 creatures vanquished.

Notes
Turn   | Place    | Note
-------+----------+-------------------------------------------
     0 | D:1      | theanonym the Gargoyle Fighter began the quest for the Orb.
     0 | D:1      | Reached XP level 1. HP: 14/14 MP: 1/1
    28 | D:1      | Reached skill level 2 in Axes
    28 | D:1      | Reached XP level 2. HP: 8/19 MP: 2/2
  1298 | D:2      | Reached XP level 3. HP: 22/23 MP: 3/3
  1591 | D:1      | Reached XP level 4. HP: 19/29 MP: 4/4
  1749 | D:2      | Reached skill level 4 in Fighting
  1749 | D:2      | Reached skill level 4 in Armour
  1749 | D:2      | Reached skill level 4 in Shields
  2040 | D:2      | Found a faded altar of an unknown god.
  2216 | D:2      | Reached XP level 5. HP: 33/33 MP: 5/5
  2271 | D:3      | Found a glowing golden altar of the Shining One.
  2362 | D:3      | Found a white marble altar of Elyvilon.
  2429 | D:3      | Found a basalt altar of Yredelemnul.
  2517 | D:3      | Noticed Torious's ghost (amateur DECj)
  2845 | D:3      | Found a shimmering altar of Xom.
  2845 | D:3      | Found a hide-covered altar of Uskayaw.
  2851 | D:3      | Found an ancient bone altar of Kikubaaqudgha.
  2854 | D:3      | Found a glowing golden altar of the Shining One.
  3177 | D:3      | Found a snail-covered altar of Cheibriados.
  3333 | D:3      | Killed Torious's ghost
  3333 | D:3      | Reached skill level 3 in Axes
  3333 | D:3      | Reached XP level 6. HP: 16/39 MP: 6/6
  3658 | D:4      | Found a blossoming altar of Fedhas.
  3763 | D:4      | Found a staircase to the Ecumenical Temple.
  3773 | Temple   | Entered the Ecumenical Temple
  3824 | Temple   | Became a worshipper of Warmaster Okawaru
  3853 | D:5      | Entered Level 5 of the Dungeon
  3955 | D:5      | Found a burning altar of Makhleb.
  4008 | D:5      | Reached skill level 5 in Armour
  4039 | D:4      | Reached skill level 5 in Fighting
  4039 | D:4      | Reached skill level 5 in Shields
  4039 | D:4      | Reached XP level 7. HP: 40/44 MP: 7/7
  4422 | D:4      | Reached * piety under Okawaru
  4668 | D:4      | Reached skill level 4 in Axes
  4915 | D:5      | Reached XP level 8. HP: 29/51 MP: 8/8
  5142 | D:5      | Reached skill level 6 in Fighting
  5142 | D:5      | Reached skill level 5 in Axes
  5142 | D:5      | Reached skill level 6 in Armour
  5142 | D:5      | Reached skill level 6 in Shields
  5505 | D:6      | Reached ** piety under Okawaru
  5530 | D:6      | Noticed Menkaure
  5533 | D:6      | Found Teiss's Assorted Antiques.
  5540 | D:6      | Killed Menkaure
  5650 | D:6      | Bought a potion of might for 84 gold pieces
  5743 | D:6      | Found a sparkling altar of Nemelex Xobeh.
  5944 | D:6      | Found a shattered altar of Ashenzari.
  6011 | D:6      | Reached skill level 6 in Axes
  6011 | D:6      | Reached XP level 9. HP: 52/56 MP: 9/9
  6255 | D:6      | Found Eniesebi's Armour Shop.
  6493 | D:7      | Found Nynam's Jewellery Emporium.
  6642 | D:7      | Reached *** piety under Okawaru
  6642 | D:7      | Reached skill level 7 in Fighting
  6642 | D:7      | Reached skill level 7 in Armour
  6730 | D:7      | Found Zunn's Serpentskin Sales.
  6778 | D:7      | Reached skill level 7 in Shields
  6945 | D:7      | Noticed Duvessa
  6948 | D:7      | Noticed Dowan
  6960 | D:7      | HP: 3/57 [Duvessa/short sword (10)]
  6962 | D:7      | HP: 1/57 [Dowan/dagger (7)]
  6962 | D:7      | Mangled by Duvessa

Vault maps used:
D:1:      onia_arrival_handbag, serial_forest, infiniplex_forest_diagonal,
          infiniplex_forest_straight_2, infiniplex_forest_clump_tiny,
          infiniplex_forest_clump_C, infiniplex_forest_lined_ring,
          infiniplex_forest_corner_1
D:2:      chequers_ecumenical_altar_simple
D:3:      overflow_temple_1_default, grunt_temple_overflow_cloverleaf,
          overflow_temple_1_default, lemuel_doored_altar, tso_altar
D:4:      minmay_temple_entry_junction_2, fedhas_altar_1
D:5:      first_bread, makhleb_heckhound_becter
D:6:      kennysheep_mini, cheibrodos_ashenzari_chains, serial_shops,
          nicolae_shop_overgrown_old_shop, shop, minivault_19,
          lemuel_flame_loot_1, uniq_menkaure
D:7:      serial_shops, shop, shop, shop, guppyfry_shop_venom, uniq_duvessa
Temple:   cyrus_circular_temple

Skill      XL: |  1  2  3  4  5  6  7  8  9 |
---------------+----------------------------+-----
Axes           | 2 3 4 6 |  6.7
Fighting       | 4 5 6 7 |  7.1
Armour         | 4 5 6 7 |  7.1
Shields        | 4 5 6 7 |  7.1

Action                   |  1- 3 |  4- 6 |  7- 9 || total
-------------------------+-------+-------+-------++-------
Melee: War axe           |   123 |   305 |   310 ||   738
       Unarmed           |       |       |     9 ||     9
Throw: Javelin           |       |       |     5 ||     5
Invok: Heroism           |       |       |     4 ||     4
  Use: Potion            |       |     2 |     4 ||     6
       Scroll            |       |       |    10 ||    10
  Eat: Chunk             |     2 |     9 |     7 ||    18
       Meat ration       |       |       |     1 ||     1
Armor: Scale mail        |    23 |       |       ||    23
       Plate armour      |    59 |   277 |   221 ||   557
Dodge: Dodged            |    28 |    51 |    71 ||   150
Block: Shield            |    60 |   190 |   198 ||   448

Table legend:
 A = Spawn XP
 B = Non-spawn XP
 C = Spawn XP percentage of total XP
 D = Spawn monster count
 E = Non-spawn monster count
 F = Spawn count percentage of total count
 G = Total turns spent on level
                    A         B        C        D         E        F      G
               +---------+---------+-------+---------+---------+-------+---------
         Total |       0 |    3297 |   0.0 |       0 |     143 |   0.0 |  6962
               +---------+---------+-------+---------+---------+-------+---------
           D:1 |       0 |      65 |   0.0 |       0 |      13 |   0.0 |  1200
           D:2 |       0 |     100 |   0.0 |       0 |      27 |   0.0 |  1268
           D:3 |       0 |     208 |   0.0 |       0 |      25 |   0.0 |  1357
           D:4 |       0 |     414 |   0.0 |       0 |      25 |   0.0 |   806
           D:5 |       0 |     797 |   0.0 |       0 |      22 |   0.0 |   756
           D:6 |       0 |     920 |   0.0 |       0 |      16 |   0.0 |  1036
           D:7 |       0 |     793 |   0.0 |       0 |      15 |   0.0 |   480
               +---------+---------+-------+---------+---------+-------+---------
